 Dungeon Crawl Stone Soup version 0.19-a0-1637-gfc13266 (webtiles) character file.

280 cat the Slasher (level 6, -3/50 HPs)
             Began as a Hill Orc Chaos Knight on Sept 19, 2016.
             Killed by divine providence
             ... invoked by an orc priest
              (15 damage)
             ... on level 4 of the Dungeon.
             The game lasted 00:17:53 (3333 turns).

cat the Slasher (Hill Orc Chaos Knight)             Turns: 3333, Time: 00:17:54

Health: -3/50      AC:  7    Str: 17    XL:     6   Next: 27%
Magic:  6/6        EV: 11    Int: 12    God:    Xom [.*....]
Gold:   342        SH:  0    Dex: 10    Spells: 0 memorised, 5 levels left

rFire  . . .     SeeInvis +     a - +0 falchion (chaos)
rCold  . . .     Gourm    .     b - +3 leather armour
rNeg   . . .     Faith    .     (no shield)
rPois  .         Spirit   .     (no helmet)
rElec  .         Dismiss  .     (no cloak)
rCorr  .         Reflect  .     o - +0 pair of gloves
MR     .....     Harm     .     (no boots)
Stlth  +.........               (no amulet)
                                (no ring)
                                (no ring)

@: no status effects
A: see invisible, frail 1
a: Renounce Religion, Convert to Beogh


You were on level 4 of the Dungeon.
You worshipped Xom.
You were a plaything of Xom.
You were not hungry.

You visited 2 branches of the dungeon, and saw 5 of its levels.

You collected 342 gold pieces.

Inventory:

Hand Weapons
 a - a +0 falchion of chaos (weapon)
Armour
 b - a +3 leather armour (worn)
 o - a +0 pair of gloves (worn)
Scrolls
 f - a scroll of fog {unknown}
 g - a scroll of enchant weapon {unknown}
 i - 3 scrolls of identify
 j - 3 scrolls of teleportation
 k - a scroll of remove curse
 n - a scroll of magic mapping {unknown}
 p - a scroll of enchant armour
 q - a scroll of immolation {unknown}
Potions
 d - a potion of magic {unknown}
 e - a potion of degeneration {unknown}
 h - a potion of curing {unknown}
 m - a potion of mutation {unknown}
Comestibles
 c - 5 bread rations
 l - a meat ration


   Skills:
 + Level 5.0 Fighting
 + Level 5.8 Long Blades
 + Level 3.8 Armour
 - Level 0.7 Dodging


You had 5 spell levels left.
You didn't know any spells.

Dungeon Overview and Level Annotations

Branches:
Dungeon (4/15)             Temple (1/1) D:4

Altars:
Ashenzari
Cheibriados
Dithmenos
Elyvilon
Kikubaaqudgha
Makhleb
Nemelex Xobeh
Okawaru
Qazlal
Ru
Sif Muna
Vehumet
Yredelemnul
Zin


Innate Abilities, Weirdness & Mutations

You have supernaturally acute eyesight. (SInv)
You are frail. (-10% HP)


Message History

You catch the helpless orc priest completely off-guard!
You hit the orc priest but do no damage.
The orc priest is moderately wounded.
The orc priest barely misses you.
You hit the orc priest.
The orc priest is heavily wounded.
The orc priest seems less confused.
The orc priest hits you but does no damage.
You hit the orc priest but do no damage.
The orc priest glows momentarily.
The orc priest is heavily wounded.
The orc priest mumbles some strange prayers to Beogh against you.
Beogh smites you!
* * * LOW HITPOINT WARNING * * *
You hit the orc priest but do no damage.
You drain the orc priest!
The orc priest is severely wounded.
The orc priest calls down the wrath of Beogh upon you.
Beogh smites you!
You die...

....# #.#..............# #.
....####.#.####o####....### #.
.........................># #.
.....###.#...############## #.
..#...##.#............# #.
..#.#.##.#...########.# #.
###.#.##.#...# #.# #.
....#..#.#...########.# #.
.........#..)...@o[.#.# #.
######..##..######[##b# #. #.#
##........ob.<...# #.
..#####..#..#####################
....[....#.......................
########.##.####################.
.........##.# ####.....####.
########.##.# #........'.##.
......##.##.# #.##.....#.##.


You could see an orc priest.

Vanquished Creatures
  An orc wizard (D:4)
  A bullfrog skeleton (D:4)
  2 orc priests (D:4)
  A worker ant (D:4)
  Terence (D:3)
  A gnoll (shapeshifter) (D:3)
  4 adders
  An ooze (D:2)
  2 worms (D:2)
  3 dart slugs (D:1)
  A leopard gecko (D:3)
  An orc (D:4)
  8 bats
  6 giant cockroaches
  6 goblins
  5 hobgoblins
  2 jackals (D:1)
  A quokka (D:4)
  4 frilled lizards
  4 kobolds
  6 rats
61 creatures vanquished.

Notes
Turn   | Place    | Note
-------+----------+-------------------------------------------
     0 | D:1      | cat the Hill Orc Chaos Knight began the quest for the Orb.
     0 | D:1      | Reached XP level 1. HP: 19/19 MP: 1/1
    21 | D:1      | XOM: harmless Divn miscast
   352 | D:1      | XOM: harmless Tloc miscast
   446 | D:1      | XOM: potion effect (might)
   450 | D:1      | Reached XP level 2. HP: 17/27 MP: 2/2
   733 | D:1      | Reached XP level 3. HP: 33/33 MP: 3/3
  1132 | D:2      | XOM: divination: magic mapping
  1196 | D:2      | Reached XP level 4. HP: 40/40 MP: 4/4
  1247 | D:2      | XOM: harmless Tmut miscast
  1325 | D:2      | XOM: noise
  1469 | D:2      | XOM: divination: detect items
  1601 | D:3      | Found an ancient bone altar of Kikubaaqudgha.
  1854 | D:3      | Found a stormy altar of Qazlal.
  2011 | D:3      | Noticed Terence
  2015 | D:3      | XOM: potion effect (invisibility)
  2021 | D:3      | Killed Terence
  2021 | D:3      | Reached XP level 5. HP: 43/47 MP: 5/5
  2060 | D:3      | XOM: polymorph adder -> ooze
  2110 | D:3      | XOM: give mutations
  2110 | D:3      | Gained mutation: You are frail. (-10% HP) [Xom's mischief]
  2110 | D:3      | Gained mutation: You have supernaturally acute eyesight. (SInv) [Xom's mischief]
  2358 | D:4      | Found a staircase to the Ecumenical Temple.
  2364 | Temple   | Entered the Ecumenical Temple
  2430 | D:4      | XOM: harmless Divn miscast
  2444 | D:4      | XOM: harmless Erth miscast
  2497 | D:4      | XOM: harmless Conj miscast
  2500 | D:4      | Reached skill level 5 in Long Blades
  2694 | D:4      | XOM: divination: detect creatures
  2694 | D:4      | HP: 1/42 [orc priest/divine providence (13)]
  2707 | D:4      | XOM: cast spell 'Summon Butterflies'
  2990 | D:4      | XOM: divination: magic mapping
  2992 | D:4      | Reached skill level 5 in Fighting
  3001 | D:4      | Reached XP level 6. HP: 34/50 MP: 6/6
  3008 | D:4      | XOM: god gift: 21 gold pieces
  3033 | D:4      | XOM: noise
  3250 | D:3      | XOM: cloud trail
  3287 | D:3      | XOM: harmless Ice miscast
  3294 | D:4      | XOM: butterfly on damage
  3333 | D:4      | Killed from afar by an orc priest

Vault maps used:
D:1:      saegor_arrival_simple_e
D:3:      minmay_wonky_spiral, grunt_qazlal_clouds, kiku_gazebo_garden_becter,
          uniq_terence
D:4:      kennysheep_mini, bloody_trog, first_bread
Temple:   nicolae_temple_x_marks_the_god

Skill      XL: |  1  2  3  4  5 |
---------------+----------------+-----
Fighting       | 4 5 |  5.0
Long Blades    | 4 5 |  5.8
Armour         | 3 |  3.8
Dodging        | |  0.7

Action                   |  1- 3 |  4- 6 || total
-------------------------+-------+-------++-------
Melee: Falchion          |   120 |   159 ||   279
  Use: Scroll            |     4 |       ||     4
 Stab: Confused          |       |     3 ||     3
       Paralysed         |       |     7 ||     7
  Eat: Chunk             |     1 |     3 ||     4
       Bread ration      |       |     1 ||     1
Armor: Chain mail        |    47 |       ||    47
       Leather armour    |    35 |    34 ||    69
Dodge: Dodged            |    47 |    55 ||   102
